 Dungeon Crawl Stone Soup version 0.28-a0-533-g9f97627e2a (webtiles) character file.

Game seed: 4368852111442901037

171 MirrMurr the Ducker (level 5, 16/25 HPs)
             Began as a Felid Berserker on Sept 26, 2021.
             Was a Priest of Trog.
             Got out of the dungeon alive.
             The game lasted 00:06:10 (3737 turns).

MirrMurr the Ducker (Felid Berserker)               Turns: 3737, Time: 00:06:10

Health: 16/25      AC:  1    Str: 13    XL:     5   Next: 26%
Magic:  6/6        EV: 19    Int:  9    God:    Trog [***...]
Gold:   54         SH:  0    Dex: 16    Spells: 4/4 levels left
                                        Lives:  0   Deaths: 1

rFire   . . .      SeeInvis +     - Unarmed
rCold   . . .      Faith    .   (shield unavailable)
rNeg    . . .      Spirit   .   (armour unavailable)
rPois   .          Reflect  .   (helmet unavailable)
rElec   .          Harm     .   (cloak unavailable)
rCorr   .          Rampage  .   (gloves unavailable)
Will    .....                   (boots unavailable)
Stlth   +++.......              (no amulet)
HPRegen 0.08/turn               (no ring)
MPRegen 0.10/turn               (no ring)

@: quick
A: very small, claws 1, fangs 3, see invisible, speed 1, shaggy fur 1, stealthy
paws, no weapons or thrown items, no armour, multi-lived
a: Renounce Religion, Berserk, Trog's Hand


You escaped.
You worshipped Trog.
Trog was most pleased with you.
You visited 1 branch of the dungeon, and saw 4 of its levels.

You collected 54 gold pieces.

Inventory:

Wands
 k - a wand of digging (6)
Scrolls
 d - a scroll of acquirement {unknown}
 f - 2 scrolls of vulnerability {unknown}
 g - 3 scrolls of identify {unknown}
 h - a scroll of enchant armour {unknown}
 i - a scroll of amnesia {unknown}
 j - a scroll of fear {unknown}
Potions
 a - a potion of attraction {unknown}
 b - a potion of brilliance {unknown}
 c - a potion of mutation {unknown}
 e - a potion of curing {unknown}


   Skills:
 + Level 4.0 Fighting
 + Level 5.3 Dodging
 + Level 3.6 Stealth
 * Level 4.8 Unarmed Combat


You had 4 spell levels left.
You didn't know any spells.
Your spell library was empty.

Dungeon Overview and Level Annotations

Branches:
Dungeon (4/15)
 Temple: D:4-7

Altars:
Ru


Innate Abilities, Weirdness & Mutations

You have sharp claws.
You have razor-sharp teeth.
You have supernaturally acute eyesight. (SInv)
You cover ground quickly. (Speed+)
You are covered in fur. (AC +1)
Your paws help you pounce on unaware monsters.
You are incapable of wielding weapons or throwing items.
You cannot wear armour.
You gain extra lives every three experience levels.


Message History

Found a knobbly brass ring.
You are too injured to fight recklessly!
You are too injured to fight recklessly!
You are too injured to fight recklessly!
You are too injured to fight recklessly!
There is a stone staircase leading up here.
Found a scroll labelled WETUYDD OKKA.
You are too injured to fight recklessly!
Found 11 gold pieces.
You see here a +0 leather armour.
You are too injured to fight recklessly!
You are too injured to fight recklessly!
You are too injured to fight recklessly!
Found a thick steel amulet.
Found a robe.
Found a sacrificial altar of Ru.
The ball python hisses angrily.
The ball python completely misses you. x2
You barely miss the ball python. The ball python bites you.
The ball python closely misses you.
You scratch the ball python. You bite the ball python.
You kill the ball python!
Trog accepts your kill.
You see here a ball python corpse.
You see here a ring of wizardry.
(D) Dungeon
Where to? (Enter - D:1 @ (x,y), ? - help)
You see here a +0 leather armour.
There is a stone staircase leading up here.
You climb upwards.
There is a stone staircase leading down here.
There is a stone staircase leading up here.
You climb upwards.
There is a stone staircase leading down here.
There is a stone staircase leading up here.
You climb upwards.
There is a stone staircase leading down here.
You see here a +0 mace.
There is a staircase leading out of the dungeon here.
Are you sure you want to leave the Dungeon?
This will make you lose the game!
You have escaped! ..#.#.#.# ##...#.. ..#...#.#.♣PP♣PP.♣P..P..# #...#.. ..#####.# PPPPP.PPPP♣.♣P# #...#.. ........# ♣PPPPP...PPP.♣# #...#.. ..####### ♣P♣PPPPPP.PP.P#

##..#.. ..#
♣.P♣PPP....P.#####.##. ..#
##################........ ..#
##......................... ..#
#.....(...@........).......
..#####..........................
....÷...#################....[...
.......##♣PP.♣.PPP.P..P♣######...
.......##P♣PP♣♣PPP.♣.P.P# ##..
.......##.PP♣♣♣P♣PPPP.PP### #..
.......##PPP ♣♣.P♣.P.♣.#.# #..
.......##♣PP ♣P♣P.P♣P♣#.#####..
.......#


♣PP .PPPPPP.♣#.#.....> There were no monsters in sight!

Vanquished Creatures
  A bullfrog (D:4)
  Crazy Yiuf (D:3)
  An orc priest (D:3)
  2 orc wizards (D:3)
  3 adders (D:2)
  An adder skeleton (D:4)
  2 worms (D:2)
  A dart slug (D:2)
  7 orcs
  6 bats
  4 endoplasms
  5 giant cockroaches
  2 hobgoblins
  3 jackals (D:1)
  3 quokkas
  6 ball pythons
  4 frilled lizards
  3 goblins
  10 kobolds
  A quokka skeleton (D:4)
  4 rats
70 creatures vanquished.

Vanquished Creatures (others)
  2 fungi (D:3)
  A plant (D:2)
3 creatures vanquished.

Grand Total: 73 creatures vanquished

Notes
Turn   | Place    | Note
-------+----------+-------------------------------------------
     0 | D:1      | MirrMurr the Felid Berserker began the quest for the Orb.
     0 | D:1      | Reached XP level 1. HP: 10/10 MP: 2/2
   485 | D:1      | Reached XP level 2. HP: 14/14 MP: 3/3
   630 | D:1      | Found a faded altar of an unknown god.
   669 | D:1      | Reached skill level 1 in Stealth
  1341 | D:2      | Reached XP level 3. HP: 17/17 MP: 4/4
  1600 | D:2      | Reached ** piety under Trog
  2285 | D:2      | Reached XP level 4. HP: 20/21 MP: 5/5
  2939 | D:3      | Reached XP level 5. HP: 13/25 MP: 6/6
  2943 | D:3      | Reached skill level 5 in Dodging
  3224 | D:3      | Found a runed translucent door.
  3225 | D:3      | Noticed Crazy Yiuf
  3412 | D:3      | Killed Crazy Yiuf
  3610 | D:4      | HP: 1/37 [bullfrog (8)]
  3611 | D:4      | Slain by a quokka skeleton
  3612 | D:4      | Reached XP level 4. HP: -2/33 MP: 5/5
  3636 | D:4      | Killed a bullfrog
  3636 | D:4      | Reached *** piety under Trog
  3637 | D:4      | Reached XP level 5. HP: 12/25 MP: 6/6
  3649 | D:4      | Found a sacrificial altar of Ru.
  3737 | D:$      | Got out of the dungeon alive.

Illustrated notes

Levels and vault maps discovered:
D:1:      minmay_arrival_arboretum_large, layout_basic,
          shapermc_ecumenical_altar_petra
D:2:      layout_basic, kennysheep_boxes
D:3:      layout_rooms, st_stairs_9, uniq_crazy_yiuf_cottage
D:4:      layout_loops_cross, mainiacjoe_overflow_cross_hatched

Skill      XL: |  1  2  3  4  5 |
---------------+----------------+-----
Stealth        | 1 2 3 |  3.6
Unarmed Combat | 4 |  4.8
Dodging        | 5 |  5.3
Fighting       | 4 |  4.0

Action                   |  1- 3 |  4- 6 || total
-------------------------+-------+-------++-------
Melee: Unarmed           |    97 |    99 ||   196
       Bite              |     8 |     9 ||    17
       Punch             |     2 |     1 ||     3
Invok: Berserk           |       |     3 ||     3
       Trog's Hand       |       |     1 ||     1
 Stab: Sleeping          |     5 |     7 ||    12
Armor: Skin              |     1 |     4 ||     5
Dodge: Dodged            |    66 |    62 ||   128

Table legend: (Time is in decaauts)
 A = Elapsed time spent in this place.
 B = Non-inter-level travel time spent in this place.
 C = Inter-level travel time spent in this place.
 D = Time resting spent in this place.
 E = Time spent auto-exploring this place.
 F = Levels seen in this place.
 G = Mean time per level.
                   A        B        C        D        E       F      G
               +--------+--------+--------+--------+--------+-----+--------+
         Total |   3331 |   3101 |    230 |     64 |   2477 |   4 |  832.8 |
       Dungeon |   3331 |   3101 |    230 |     64 |   2477 |   4 |  832.8 |
               +--------+--------+--------+--------+--------+-----+--------+

Top non-repeatable levels by time:
     D:2: 1434 daAuts
     D:1: 937 daAuts
     D:3: 811 daAuts
     D:4: 147 daAuts
